 Dungeon Crawl Stone Soup version 0.19.0-2-gae57169 (webtiles) character file.

126797 Inkary the Severer (level 16, -1/149 HPs)
             Began as a Minotaur Fighter on Nov 5, 2016.
             Was a High Priest of Okawaru.
             Slain by Polyphemus (23 damage)
             ... on level 2 of the Shoals.
             The game lasted 01:18:31 (23386 turns).

Inkary the Severer (Minotaur Fighter)              Turns: 23386, Time: 01:18:32

Health: -1/149     AC: 27    Str: 29    XL:     16   Next: 44%
Magic:  19/21      EV: 30    Int:  7    God:    Okawaru [*****.]
Gold:   622        SH:  0    Dex: 29    Spells: 4 memorised, 2 levels left

rFire  x . .     SeeInvis +     I - +6 battleaxe (freeze)
rCold  + + .     Gourm    .     e - +1 ice dragon scales of the Three Wars {rF- rC++ Dex+7 SInv}
rNeg   . . .     Faith    .     (shield currently unavailable)
rPois  .         Spirit   .     (helmet unavailable)
rElec  .         Reflect  .     a - +2 cloak
rCorr  .         Harm     .     b - +2 pair of gloves {Dex+3}
MR     +....                    A - +0 pair of boots of Anarchy {Str+3 Dex+3}
Stlth  ++........               z - amulet of regeneration
                                S - +6 ring of evasion
                                N - +4 ring of dexterity

@: heroism, very slightly contaminated, hasted, very quick
A: retaliatory headbutt, horns 3, clever 1
a: Heroism, Finesse, Renounce Religion


You were on level 2 of the Shoals.
You worshipped Okawaru.
Okawaru was extremely pleased with you.
You were hungry.

You visited 5 branches of the dungeon, and saw 26 of its levels.
You also visited: Labyrinth and Ice Cave.

You collected 2793 gold pieces.
You spent 2171 gold pieces at shops.

Inventory:

Hand Weapons
 t - the cursed +2 mace of Doom {crush, rF+ MR+ Str+2}
   (You bought it in a shop on level 2 of the Orcish Mines)

   It inflicts extra damage upon your enemies.
   It affects your strength (+2).
   It protects you from fire.
   It affects your resistance to hostile enchantments.
   It has a curse placed upon it.
 I - a +6 battleaxe of freezing (weapon)
 V - a +4 battleaxe of flaming
 Z - the +1 flail of Xounoas {holy, rF+ MP+9 Int+5}
   (You found it on level 2 of the Lair of Beasts)

   It has been blessed by the Shining One to cause great damage to the undead
   and demons.
   It affects your intelligence (+5).
   It protects you from fire.
   It affects your magic capacity (+9).
Missiles
 M - 7 throwing nets (quivered)
Armour
 a - a +2 cloak (worn)
 b - a +2 pair of gloves of dexterity (worn)
 e - the +1 ice dragon scales of the Three Wars (worn) {rF- rC++ Dex+7 SInv}
   (You found it in an ice cave)

   It affects your dexterity (+7).
   It makes you vulnerable to fire.
   It greatly protects you from cold.
   It lets you see invisible.
 A - the +0 pair of boots of Anarchy (worn) {Str+3 Dex+3}
   (Okawaru gifted it to you on level 3 of the Lair of Beasts)

   It affects your strength (+3).
   It affects your dexterity (+3).
Jewellery
 n - an uncursed ring of see invisible
 x - an uncursed ring of resist corrosion
 z - an amulet of regeneration (around neck)
 D - an uncursed ring of positive energy
 N - a +4 ring of dexterity (left hand)
 Q - an uncursed ring of poison resistance
 S - a +6 ring of evasion (right hand)
Wands
 u - a wand of disintegration (9/24)
 G - a wand of lightning (5/15)
 W - a wand of heal wounds (0/9)
Scrolls
 m - 3 scrolls of teleportation
 o - 4 scrolls of blinking
 y - 5 scrolls of fog
 C - 5 scrolls of enchant armour
 H - a scroll of silence
 J - a scroll of recharging
 L - 2 scrolls of brand weapon
 O - 2 scrolls of remove curse
 P - a scroll of identify
 R - a scroll of torment
 T - a scroll of summoning
Potions
 g - a potion of magic
 h - 2 potions of might
 i - 9 potions of curing
 j - 8 potions of lignification
 k - 3 potions of ambrosia
 p - 3 potions of heal wounds
 r - a potion of cure mutation
 w - a potion of haste
 F - a potion of invisibility
 Y - 3 potions of agility
Books
 q - Cigotuvi's Catalogue of Mutagenic Black Secrets
   (You bought it in a shop on level 2 of the Orcish Mines)

   Spells                             Type                      Level
   a - Corpse Rot                     Necromancy                   2
   b - Regeneration                   Charms/Necromancy            3
   c - Ignite Poison                  Fire/Transmutation/Poison    3
   d - Vampiric Draining              Necromancy                   3
   e - Statue Form                    Transmutation/Earth          6
Miscellaneous
 l - 2 boxes of beasts
 K - a phantom mirror
Comestibles
 c - 2 beef jerkies
 d - 24 fruits
 f - 13 bread rations
 s - 2 slices of pizza
 v - 5 meat rations
 B - 2 royal jellies


   Skills:
 + Level 15.0(20.0) Fighting
 - Level 20.7(25.7) Axes
 - Level 5.3(10.3) Throwing
 + Level 14.8(19.8) Armour
 + Level 8.3(13.3) Dodging
   Level 6.2(11.2) Shields
 - Level 8.0 Invocations
 - Level 8.3 Evocations


You had 2 spell levels left.
You knew the following spells:

 Your Spells              Type           Power        Failure   Level  Hunger
a - Corona                Hex            #......      78%         1    ##.....
b - Blink                 Tloc           N/A          93%         2    ###....
c - Ice Form              Ice/Tmut       #.......     100%        4    #####..
d - Statue Form           Tmut/Erth      #........    100%        6    #######


Dungeon Overview and Level Annotations

Branches:
Dungeon (15/15)            Temple (1/1) D:6            Lair (6/6) D:10
 Shoals (2/4) Lair:4        Snake (0/4) Lair:2        Slime (0/5) Lair:5
    Orc (2/2) D:9             Elf (0/3) Orc:2        Vaults (0/5) D:14
 Depths (0/5) D:15

Altars:
Ashenzari
Cheibriados
Dithmenos
Elyvilon
Fedhas
Gozag
Hepliaklqana
Kikubaaqudgha
Makhleb
Nemelex Xobeh
Okawaru
Qazlal
Ru
Sif Muna
Trog
Uskayaw
Vehumet
Xom
Yredelemnul
Zin
The Shining One

Shops:
D:15 }   Orc:2 *!*![

Portals:
Hell: Lair:6
Trove: D:15 (give 7 potions of haste)

Annotations:
Shoals:2 Polyphemus


Innate Abilities, Weirdness & Mutations

You reflexively headbutt those who attack you in melee.
You have a pair of large horns on your head.
Your mind is acute. (Int +2)


Message History

Unknown command.
You gain the combat prowess of a mighty hero.
You are feeling hungry.
Polyphemus throws a large rock.
The large rock hits you but does no damage.
The death yak barely misses you.
Polyphemus throws a large rock.
The large rock hits you!!
* * * LOW HITPOINT WARNING * * *
You see here 6 large rocks.
You see here 2 large rocks.
Polyphemus completely misses you. You furiously retaliate!
You headbutt Polyphemus. Polyphemus hits you!!
* * * LOW HITPOINT WARNING * * *
You slash Polyphemus! You freeze Polyphemus. You headbutt Polyphemus!!
Polyphemus is moderately wounded.
You slice Polyphemus!! You freeze Polyphemus. You headbutt Polyphemus!
Polyphemus is heavily wounded.
You slash the death yak! You freeze the death yak. You slice the death yak!!
You freeze the death yak. Polyphemus hits you!!
You die...

.≈≈≈≈≈≈≈≈≈≈. .≈≈≈≈
.≈≈≈≈≈≈≈... #..≈≈≈
.≈≈≈≈≈≈≈..# #..≈≈≈
≈.≈≈≈≈≈≈≈.# ### ##..≈≈≈
≈..≈≈≈≈≈..####.# #..≈≈≈≈
≈≈≈≈≈≈≈...((...###.?≈≈≈≈
≈≈≈≈≈≈..#(..)≈≈≈.....≈≈≈
≈≈≈≈≈≈..Y......≈...(...≈
≈≈≈≈≈≈C@Y.......≈≈.(....
≈≈≈≈≈.>......#..≈≈.(....
≈≈≈≈≈≈...>≈≈....≈≈......
≈≈≈≈≈≈≈≈≈≈≈≈≈≈..≈≈..##..
≈≈Y≈≈≈≈≈≈≈≈≈≈≈≈≈≈≈...##.
≈≈≈≈≈≈≈≈≈≈≈≈≈≈≈≈≈.......
≈≈≈≈≈≈≈≈≈≈≈≈≈≈≈≈≈......≈
.≈≈≈≈≈≈≈≈≈≈≈≈≈≈≈≈≈≈...≈≈
≈≈≈≈≈≈≈≈≈≈.


You could see Polyphemus and 3 death yaks.

Vanquished Creatures
  Saint Roka (Orc:2)
  Kirke (Lair:5)
  An orc warlord (Orc:2)
  Louise (D:15)
  Nessos (D:15)
  A dire elephant (Lair:6)
  Azrael (Orc:1)
  The ghost of TotoDurand the Blocker, a journeyman FoFi of Makhleb (D:12)
  A minotaur (Lab)
  A merfolk javelineer (Shoals:1)
  2 merfolk impalers (Shoals:1)
  Erolcha (D:13)
  Fannar (Lair:3)
  3 hydras
  3 vault guards (D:14)
  A merfolk avatar (Shoals:1)
  4 catoblepae
  2 satyrs
  2 centaur warriors
  5 death yaks (Lair:2)
  2 tengu warriors
  An orc high priest (Orc:2)
  Sonja (Orc:2)
  A sun demon (Lair:6)
  Nergalle (D:10)
  3 skeletal warriors (D:14)
  A sixfirhy (Lair:6)
  An unseen horror (D:15)
  4 wizards
  A sea snake (Shoals:2)
  6 hill giants
  An orange crystal statue (D:14)
  3 necromancers
  2 orc knights (Orc:1)
  An obsidian statue (D:14)
  A wolf spider zombie (D:14)
  10 ugly things
  An orc sorcerer (D:15)
  10 fauns
  4 deep elf magi
  3 oklob plants (Lair:5)
  3 cyclopes
  5 manticores
  3 ice statues (IceCv)
  4 sirens (Shoals:1)
  A smoke demon (Lair:6)
  5 orange demons (Lair:6)
  A water nymph (Shoals:2)
  2 naga magi (D:15)
  10 spiny frogs
  3 gargoyles
  3 black mambas
  A torpor snail (Lair:4)
  4 rime drakes
  A kobold demonologist (D:11)
  A freezing wraith (D:15)
  2 ice devils (Lair:6)
  11 komodo dragons
  11 merfolk
  A queen bee (D:9)
  A red devil (Lair:6)
  5 polar bears
  A tengu conjurer (D:12)
  6 trolls
  2 two-headed ogres
  3 meliai (D:13)
  3 hornets
  9 slime creatures
  Prince Ribbit (D:6)
  15 blink frogs
  16 dream sheep
  9 hippogriffs
  4 snapping turtles
  A tarantella (shapeshifter) (D:14)
  4 water elementals
  2 wyverns
  A wraith (D:12)
  4 fire elementals
  5 hogs (Lair:5)
  47 yaks
  18 humans (D:14)
  4 basilisks
  8 hungry ghosts
  Grum (D:8)
  2 steam dragons (D:10)
  A harpy simulacrum (D:15)
  5 nagas (Lair:2)
  2 wargs (Orc:1)
  A soldier ant (D:11)
  7 swamp worms (Lair:6)
  2 insubstantial wisps (D:10)
  5 hell hounds
  10 water moccasins
  A swamp drake (Orc:1)
  4 porcupines
  57 orc warriors
  12 ice beasts
  A hornet zombie (D:9)
  A phantom (D:8)
  2 black bears
  4 necrophages
  9 ogres
  6 sky beasts
  10 wolves
  23 centaurs
  12 crocodiles
  3 big kobolds
  17 bullfrogs
  A wyvern zombie (D:12)
  5 scorpions
  23 killer bees
  14 wights
  2 electric eels (Lair:2)
  4 howler monkeys
  6 crimson imps
  4 centaur zombies
  A bullfrog zombie (D:12)
  5 hounds
  27 orc wizards
  5 centaur skeletons
  6 jellies
  A bullfrog skeleton (D:8)
  20 orc priests
  A wyvern simulacrum (D:9)
  An iron imp (Orc:1)
  Terence (D:3)
  Jessica (D:3)
  19 worker ants
  3 iguanas
  Natasha (thrice) (D:3)
  A statue (D:9)
  2 centaur simulacra
  3 hound zombies
  A hound skeleton (D:5)
  2 howler monkey zombies (D:11)
  3 worker ant zombies
  Robin (D:3)
  A gnoll (D:4)
  3 river rats (D:10)
  11 adders
  6 shadow imps
  5 white imps
  A worker ant simulacrum (D:9)
  2 ufetubi (D:9)
  3 oozes
  12 worms
  An adder simulacrum (D:9)
  6 leopard geckos
  116 orcs
  3 ball pythons
  5 giant cockroaches
  14 goblins
  6 hobgoblins
  10 jackals
  5 quokkas
  12 bats
  A frilled lizard (D:3)
  27 kobolds
  A quokka simulacrum (D:9)
  A quokka skeleton (D:3)
  A quokka zombie (D:7)
  18 rats
  2 bushes (D:9)
  10 fungi
  14 plants
994 creatures vanquished.

Vanquished Creatures (collateral kills)
  An orc wizard (Orc:2)
1 creature vanquished.

Vanquished Creatures (others)
  A yak (Lair:5)
  A water moccasin (Lair:6)
  4 fungi
  10 plants
16 creatures vanquished.

Grand Total: 1011 creatures vanquished

Notes
Turn   | Place    | Note
-------+----------+-------------------------------------------
     0 | D:1      | Inkary the Minotaur Fighter began the quest for the Orb.
     0 | D:1      | Reached XP level 1. HP: 19/19 MP: 0/0
   193 | D:1      | Reached XP level 2. HP: 27/27 MP: 1/1
   902 | D:2      | Reached skill level 3 in Axes
   908 | D:2      | Reached XP level 3. HP: 31/33 MP: 2/2
  1718 | D:3      | Noticed Natasha
  1724 | D:3      | Killed Natasha
  1724 | D:3      | Reached skill level 1 in Throwing
  1724 | D:3      | Reached XP level 4. HP: 40/40 MP: 3/3
  1754 | D:3      | Found an opulent altar of Gozag.
  1862 | D:3      | Noticed Natasha
  1868 | D:3      | Killed Natasha
  1952 | D:3      | Noticed Natasha
  1958 | D:3      | Killed Natasha
  1958 | D:3      | Reached skill level 4 in Axes
  1958 | D:3      | Reached XP level 5. HP: 28/47 MP: 4/4
  2062 | D:3      | Noticed Robin
  2075 | D:3      | Killed Robin
  2262 | D:3      | Noticed Jessica
  2263 | D:3      | Noticed Terence
  2278 | D:3      | Killed Terence
  2278 | D:3      | Reached skill level 5 in Fighting
  2278 | D:3      | Reached XP level 6. HP: 52/56 MP: 5/5
  2278 | D:3      | Killed Jessica
  2326 | D:3      | Found a deep blue altar of Sif Muna.
  2576 | D:4      | Reached skill level 5 in Axes
  2653 | D:4      | Reached skill level 5 in Shields
  2807 | D:4      | Found a white marble altar of Elyvilon.
  2825 | D:4      | Found an iron altar of Okawaru.
  2839 | D:4      | Became a worshipper of Warmaster Okawaru
  2934 | D:4      | Found a shadowy altar of Dithmenos.
  3007 | D:4      | Reached skill level 5 in Armour
  3039 | D:4      | Found a sand-covered staircase.
  3202 | D:5      | Entered Level 5 of the Dungeon
  3371 | D:5      | Reached XP level 7. HP: 23/61 MP: 6/6
  3602 | D:5      | Reached * piety under Okawaru
  3602 | D:5      | Reached skill level 6 in Axes
  3944 | D:5      | Found a hazy altar of Hepliaklqana.
  4234 | D:5      | Reached XP level 8. HP: 49/69 MP: 7/7
  4351 | D:6      | Found a staircase to the Ecumenical Temple.
  4361 | D:6      | Reached skill level 7 in Axes
  4372 | Temple   | Entered the Ecumenical Temple
  4583 | D:6      | Noticed Prince Ribbit
  4592 | D:6      | Killed Prince Ribbit
  4592 | D:6      | Reached ** piety under Okawaru
  4592 | D:6      | Reached skill level 1 in Invocations
  4684 | D:6      | Reached skill level 8 in Axes
  5049 | D:7      | Found a hide-covered altar of Uskayaw.
  5182 | D:7      | Reached XP level 9. HP: 48/77 MP: 9/9
  5431 | D:7      | Reached skill level 9 in Axes
  5470 | D:7      | Found a shattered altar of Ashenzari.
  5523 | D:7      | Reached *** piety under Okawaru
  5811 | D:8      | Reached skill level 5 in Throwing
  5931 | D:8      | Noticed a hill giant
  5936 | D:8      | Killed a hill giant
  5936 | D:8      | Reached **** piety under Okawaru
  5936 | D:8      | Received a gift from Okawaru
  5936 | D:8      | Reached skill level 10 in Axes
  6093 | D:8      | Noticed a hill giant
  6101 | D:8      | Killed a hill giant
  6101 | D:8      | Received a gift from Okawaru
  6101 | D:8      | Reached XP level 10. HP: 29/87 MP: 10/12
  6284 | D:8      | Found a bloodstained altar of Trog.
  6290 | D:8      | Found a sacrificial altar of Ru.
  6295 | D:8      | Got a spiked chain mail
  6306 | D:8      | Identified the +8 chain mail of the Orb {*Contam rC++ Regen+} (You found it on level 8 of the Dungeon)
  6314 | D:8      | Identified a scroll of acquirement
  6372 | D:8      | Noticed Grum
  6382 | D:8      | Reached ***** piety under Okawaru
  6388 | D:8      | Killed Grum
  6680 | D:9      | Reached skill level 11 in Axes
  6763 | D:9      | Found a staircase to the Orcish Mines.
  6783 | D:9      | Found a deep blue altar of Sif Muna.
  6821 | D:9      | Reached skill level 5 in Invocations
  6990 | D:9      | Received a gift from Okawaru
  6995 | D:9      | Reached skill level 12 in Axes
  6999 | D:9      | Reached XP level 11. HP: 55/96 MP: 11/14
  7008 | D:9      | Got a twisted plate armour {god gift}
  7020 | D:9      | Identified the +13 plate armour "Rerenwef" {*Corrode rElec Str+2} (Okawaru gifted it to you on level 9 of the Dungeon)
  7045 | D:9      | Gained mutation: You are dopey. (Int -2) [mutagenic glow]
  7138 | D:9      | Found a blossoming altar of Fedhas.
  7236 | D:9      | Gained mutation: You have a somewhat thin skeletal structure. (Dex +2, Stealth) [potion of mutation]
  7236 | D:9      | Gained mutation: Your body sometimes deteriorates upon taking damage. [potion of mutation]
  7236 | D:9      | Gained mutation: You have a moderately thin skeletal structure. (Dex +4, Stealth+) [potion of mutation]
  7237 | D:9      | Gained mutation: You are surrounded by a mild repulsion field. (EV +2) [potion of mutation]
  7237 | D:9      | Gained mutation: You are robust. (+10% HP) [potion of mutation]
  7238 | D:9      | Gained mutation: Your muscles are strong. (Str +2) [potion of mutation]
  7238 | D:9      | Lost mutation: You are robust. (+10% HP) [potion of mutation]
  7238 | D:9      | Gained mutation: You possess an exceptional clarity of mind. [potion of mutation]
  7239 | D:9      | Gained mutation: You have a pair of large horns on your head. [potion of mutation]
  7239 | D:9      | Gained mutation: Your spells are a little easier to cast, but a little less powerful. [potion of mutation]
  7239 | D:9      | Lost mutation: Your muscles are strong. (Str +2) [potion of mutation]
  7240 | D:9      | Gained mutation: You have sharp toenails. [potion of mutation]
  7240 | D:9      | Gained mutation: Your body often deteriorates upon taking damage. [potion of mutation]
  7269 | D:9      | Gained mutation: You passively map a small area around you. [mutagenic meat]
  7618 | D:9      | Found a radiant altar of Vehumet.
  7754 | D:10     | Entered Level 10 of the Dungeon
  7761 | D:10     | Reached skill level 10 in Fighting
  8045 | D:10     | Lost mutation: You are surrounded by a mild repulsion field. (EV +2) [mutagenic meat]
  8046 | D:10     | Gained mutation: You have sharp fingernails. [mutagenic meat]
  8058 | D:10     | Reached skill level 10 in Armour
  8106 | D:10     | Noticed a purple ugly thing
  8118 | D:10     | Killed a purple ugly thing
  8118 | D:10     | Reached skill level 13 in Axes
  8234 | D:10     | Noticed a hill giant
  8240 | D:10     | Killed a hill giant
  8240 | D:10     | Received a gift from Okawaru
  8311 | D:10     | Noticed a green ugly thing
  8319 | D:10     | Killed a green ugly thing
  8353 | D:10     | Found a staircase to the Lair.
  8395 | D:10     | Noticed Nergalle
  8404 | D:10     | Killed Nergalle
  8404 | D:10     | Received a gift from Okawaru
  8676 | D:11     | Noticed a hill giant
  8682 | D:11     | Killed a hill giant
  8764 | D:11     | Reached skill level 1 in Evocations
  8959 | D:11     | Got a crude ring mail
  8970 | D:11     | Identified the cursed +0 ring mail of the Lute {+Inv rN+ Int+7 Stlth-} (You found it on level 11 of the Dungeon)
  8997 | D:11     | Gained mutation: You are occasionally teleported next to monsters. [mutagenic glow]
  9048 | D:11     | Reached XP level 12. HP: 107/107 MP: 16/16
  9569 | D:12     | Reached skill level 14 in Axes
  9623 | D:12     | Noticed TotoDurand's ghost (journeyman FoFi)
  9640 | D:12     | Killed TotoDurand's ghost
  9714 | D:12     | Noticed a tengu warrior
  9727 | D:12     | Killed a tengu warrior
  9819 | D:12     | Received a gift from Okawaru
  9993 | D:13     | Noticed a centaur warrior
  9996 | D:13     | Killed a centaur warrior
  9996 | D:13     | Reached ****** piety under Okawaru
 10218 | D:13     | Noticed Erolcha
 10225 | D:13     | Killed Erolcha
 10225 | D:13     | Reached skill level 15 in Axes
 10633 | Lair:1   | Entered Level 1 of the Lair of Beasts
 11040 | Lair:1   | Reached XP level 13. HP: 110/116 MP: 18/18
 11269 | Lair:1   | Identified a +1 rod of clouds (9/9) (You found it on level 13 of the Dungeon)
 11564 | Lair:2   | Found a staircase to the Snake Pit.
 11691 | Lair:2   | Got a crude flail
 11692 | Lair:2   | Identified the +1 flail of Xounoas {holy, rF+ MP+9 Int+5} (You found it on level 2 of the Lair of Beasts)
 11827 | Lair:2   | Received a gift from Okawaru
 11915 | Lair:2   | Reached skill level 16 in Axes
 11915 | Lair:2   | Reached skill level 5 in Evocations
 12509 | Lair:3   | Noticed Fannar
 12518 | Lair:3   | Killed Fannar
 12525 | Lair:3   | Received a gift from Okawaru
 12533 | Lair:3   | Got a pair of dazzling boots {god gift}
 12544 | Lair:3   | Identified the +0 pair of boots of Anarchy {Str+3 Dex+3} (Okawaru gifted it to you on level 3 of the Lair of Beasts)
 12992 | Lair:4   | Found a labyrinth entrance.
 13018 | Lab      | Entered a labyrinth
 14804 | Lab      | Noticed a minotaur
 14808 | Lab      | Killed a minotaur
 14808 | Lab      | Reached skill level 17 in Axes
 14823 | Lab      | Identified the Reference Book on Floating Companions
 14830 | Lab      | Got a polished dire flail
 15451 | Lair:4   | Found a staircase to the Shoals.
 15604 | Lair:5   | Reached skill level 18 in Axes
 15634 | Lair:5   | Reached XP level 14. HP: 124/126 MP: 19/19
 15700 | Lair:5   | Learned a level 1 spell: Corona
 15703 | Lair:5   | Learned a level 2 spell: Blink
 15730 | Lair:5   | Noticed Kirke
 15742 | Lair:5   | Killed Kirke
 15979 | Lair:5   | Found a staircase to the Slime Pits.
 15997 | Lair:5   | Received a gift from Okawaru
 16403 | Lair:6   | Entered Level 6 of the Lair of Beasts
 16407 | Lair:6   | Reached skill level 19 in Axes
 16419 | Lair:6   | Received a gift from Okawaru
 16673 | Lair:6   | Learned a level 4 spell: Ice Form
 16988 | Lair:6   | Reached skill level 20 in Axes
 17008 | Lair:6   | Paralysed by a wizard for 7 turns
 17432 | Lair:6   | Found a burning altar of Makhleb.
 17452 | Lair:6   | Found a gateway to Hell.
 17485 | Lair:6   | Identified the cursed +1 dire flail "Killer Klown's Foe" {pain, +Fly} (You found it in a labyrinth)
 17705 | Orc:1    | Entered Level 1 of the Orcish Mines
 17712 | Orc:1    | Received a gift from Okawaru
 17987 | Orc:2    | Entered Level 2 of the Orcish Mines
 17997 | Orc:2    | Reached skill level 1 in Dodging
 18000 | Orc:2    | Noticed Azrael
 18020 | Orc:1    | Killed Azrael
 18058 | Orc:2    | Found Lanuo's Antique Armour Emporium.
 18094 | Orc:2    | Found a frozen archway.
 18103 | IceCv    | Entered an ice cave
 18155 | IceCv    | Reached XP level 15. HP: 133/134 MP: 20/20
 18221 | IceCv    | Got amber-encrusted ice dragon scales
 18286 | IceCv    | Identified the cursed +1 ice dragon scales of the Three Wars {rF- rC++ Dex+7 SInv} (You found it in an ice cave)
 18306 | IceCv    | Lost mutation: You are dopey. (Int -2) [mutagenic glow]
 18330 | Orc:2    | Noticed Saint Roka
 18364 | Orc:2    | Killed Saint Roka
 18513 | Orc:2    | Found a staircase to the Elven Halls.
 18520 | Orc:2    | Noticed an orc warlord
 18531 | Orc:2    | Noticed Sonja
 18550 | Orc:2    | Killed an orc warlord
 18571 | Orc:2    | Killed Sonja
 18843 | Orc:1    | Received a gift from Okawaru
 19205 | Orc:2    | Found Hasatuud's Assorted Antiques.
 19205 | Orc:2    | Found Ykiaxoha's Distillery.
 19207 | Orc:2    | Found Jiud's Assorted Antiques.
 19209 | Orc:2    | Found Qeriar's Distillery.
 19215 | Orc:2    | Bought a potion of resistance for 140 gold pieces
 19215 | Orc:2    | Bought a potion of curing for 42 gold pieces
 19218 | Orc:2    | Bought a potion of curing for 48 gold pieces
 19218 | Orc:2    | Bought a potion of might for 64 gold pieces
 19218 | Orc:2    | Bought a potion of curing for 48 gold pieces
 19218 | Orc:2    | Bought a potion of curing for 48 gold pieces
 19218 | Orc:2    | Bought a potion of curing for 48 gold pieces
 19955 | D:14     | Lost mutation: You possess an exceptional clarity of mind. [mutagenic meat]
 19987 | D:14     | Reached skill level 5 in Dodging
 20105 | D:14     | Lost intelligence.
 20115 | D:14     | HP: 1/137 [centaur warrior/arrow[an orange crystal statue] (15)]
 20238 | D:14     | Lost mutation: You have sharp fingernails. [potion of cure mutation]
 20238 | D:14     | Lost mutation: You have a moderately thin skeletal structure. (Dex +4, Stealth+) [potion of cure mutation]
 20238 | D:14     | Lost mutation: You have a pair of large horns on your head. [potion of cure mutation]
 20238 | D:14     | Lost mutation: You have a somewhat thin skeletal structure. (Dex +2, Stealth) [potion of cure mutation]
 20238 | D:14     | Lost mutation: You have sharp toenails. [potion of cure mutation]
 20467 | Orc:2    | Bought a potion of cure mutation for 400 gold pieces
 20467 | Orc:2    | Bought a potion of cure mutation for 400 gold pieces
 20467 | Orc:2    | Lost mutation: Your body often deteriorates upon taking damage. [potion of cure mutation]
 20467 | Orc:2    | Lost mutation: Your body sometimes deteriorates upon taking damage. [potion of cure mutation]
 20467 | Orc:2    | Lost mutation: You passively map a small area around you. [potion of cure mutation]
 20467 | Orc:2    | Lost mutation: Your spells are a little easier to cast, but a little less powerful. [potion of cure mutation]
 20467 | Orc:2    | Lost mutation: You are occasionally teleported next to monsters. [potion of cure mutation]
 20878 | D:14     | Received a gift from Okawaru
 20971 | D:14     | Found a gate to the Vaults.
 21006 | D:14     | Gained mutation: Your mind is acute. (Int +2) [potion of beneficial mutation]
 21007 | D:14     | Gained mutation: You have a pair of large horns on your head. [potion of beneficial mutation]
 21010 | D:14     | Got a crude chain mail
 21021 | D:14     | Identified the cursed +0 chain mail of the Teacher {Dex+4} (You found it on level 14 of the Dungeon)
 21181 | D:15     | Entered Level 15 of the Dungeon
 21367 | D:15     | Found a portal to a secret trove of treasure.
 21414 | D:15     | Found Dacoukov's Gadget Emporium.
 21479 | D:15     | Found a sacrificial altar of Ru.
 21676 | D:15     | Noticed Louise
 21678 | D:15     | Noticed Nessos
 21683 | D:15     | Killed Louise
 21701 | D:15     | Killed Nessos
 21878 | D:15     | Received a gift from Okawaru
 21900 | D:15     | Reached XP level 16. HP: 81/146 MP: 21/21
 21916 | D:15     | Found a staircase to the Depths.
 22313 | Orc:2    | Bought a potion of haste for 230 gold pieces
 22313 | Orc:2    | Bought a fine mace for 184 gold pieces
 22313 | Orc:2    | Bought a scroll of identify for 46 gold pieces
 22314 | Orc:2    | Identified the cursed +2 mace of Doom {crush, rF+ MR+ Str+2} (You bought it in a shop on level 2 of the Orcish Mines)
 22316 | Orc:2    | Bought 2 potions of agility for 128 gold pieces
 22317 | Orc:2    | Bought a glistering book for 345 gold pieces
 22317 | Orc:2    | Identified Cigotuvi's Catalogue of Mutagenic Black Secrets (You bought it in a shop on level 2 of the Orcish Mines)
 22325 | Orc:2    | Learned a level 6 spell: Statue Form
 22530 | Shoals:1 | Entered Level 1 of the Shoals
 23362 | Shoals:2 | Noticed Polyphemus
 23366 | Shoals:2 | Reached skill level 15 in Fighting
 23386 | Shoals:2 | Slain by Polyphemus

Skill      XL: |  1  2  3  4  5  6  7  8  9 10 11 12 13 14 15 16 |
---------------+-------------------------------------------------+-----
Axes           | 3 4 5 6 8 10 12 13 15 18 20 | 20.7
Shields        | 4 5 6 |  6.2
Armour         | 4 5 6 8 9 10 11 12 14 | 14.8
Fighting       | 4 5 6 8 9 10 11 12 14 15 | 15.0
Throwing       | 1 2 3 4 5 |  5.3
Invocations    | 2 4 5 7 8 |  8.0
Evocations     | 1 4 5 7 8 |  8.3
Dodging        | 2 6 8 |  8.3

Action                   |  1- 3 |  4- 6 |  7- 9 | 10-12 | 13-15 | 16-18 || total
-------------------------+-------+-------+-------+-------+-------+-------++-------
Melee: War axe           |    98 |   147 |    44 |       |       |       ||   289
       Headbutt          |    16 |    24 |    41 |   130 |   257 |    53 ||   521
       Hand axe          |       |       |    54 |       |    47 |       ||   101
       Battleaxe         |       |       |   139 |   532 |   822 |   172 ||  1665
       Demon trident     |       |       |       |       |    11 |       ||    11
       Punch             |       |       |       |       |     2 |       ||     2
Throw: Throwing net      |       |       |     1 |     2 |     2 |       ||     5
Invok: Heroism           |       |       |     2 |     6 |    12 |     4 ||    24
       Finesse           |       |       |       |     1 |     7 |     4 ||    12
Evoke: Wand              |       |       |       |       |    12 |     1 ||    13
       Box of beasts     |       |       |       |       |     1 |       ||     1
  Use: Potion            |       |     1 |     1 |     5 |    11 |     2 ||    20
       Scroll            |       |     8 |     4 |    16 |    30 |     4 ||    62
 Stab: Petrified         |       |       |       |       |     6 |       ||     6
       Petrifying        |       |       |       |       |     1 |       ||     1
       Sleeping          |       |       |       |       |     3 |       ||     3
  Eat: Bread ration      |     1 |       |       |       |       |       ||     1
       Chunk             |       |     4 |    13 |    30 |    25 |     3 ||    75
       Royal jelly       |       |       |       |       |     5 |     1 ||     6
       Meat ration       |       |       |       |       |     1 |       ||     1
       Beef jerky        |       |       |       |       |     1 |       ||     1
Armor: Scale mail        |    40 |    54 |   103 |     3 |       |       ||   200
       Chain mail        |       |       |       |   415 |   249 |       ||   664
       Ice dragon scales |       |       |       |       |    92 |    61 ||   153
       Skin              |       |       |       |       |     3 |       ||     3
Dodge: Dodged            |    29 |    40 |    97 |   290 |   682 |   167 ||  1305
Block: Shield            |    62 |    90 |    46 |       |       |       ||   198
